 Dungeon Crawl Stone Soup version 0.30-a0-210-g01b79a254e (webtiles) character file.

Game seed: 11318452711240714544

3302 themarg the Martial Artist (level 10, -1/114 HPs)
             Began as a Gnoll Transmuter on Oct 4, 2022.
             Was a Follower of Fedhas.
             Slain by a wight
             ... wielding a +2 dire flail
              (7 damage)
             ... on level 9 of the Dungeon.
             The game lasted 00:39:56 (9858 turns).

themarg the Martial Artist (Gnoll Transmuter)       Turns: 9858, Time: 00:39:57

Health: -1/114     AC: 29    Str:  9    XL:     10   Next: 1%
Magic:  20/20      EV:  2    Int: 18    God:    Fedhas [*.....]
Gold:   420        SH:  0    Dex: 12    Spells: 17/23 levels left

rFire   . . .      SeeInvis .    d - +0 dagger
rCold   . . .      Faith    .    (no shield)
rNeg    + . .      Spirit   .    (body armour currently unavailable)
rPois   +          Reflect  .    (helmet currently unavailable)
rElec   .          Harm     .    (cloak currently unavailable)
rCorr   .          Rampage  .    (gloves currently unavailable)
Will    .....      NoTele   +    (boots currently unavailable)
Stlth   +++.......               (no amulet)
HPRegen 0.39/turn                q - ring "Meusujux" {rN+ AC+4}
MPRegen 0.17/turn                (no ring)

@: tree-form
A: stationary, stasis, torment immunity, boosted hp, (fangs 1), strong nose,
distributed training
a: Renounce Religion


You were on level 9 of the Dungeon.
You worshipped Fedhas.
Fedhas was aware of your devotion.
You were a tree.
You visited 2 branches of the dungeon, and saw 10 of its levels.

You collected 420 gold pieces.

Inventory:

Hand Weapons
 d - a +0 dagger (weapon)
Missiles
 h - a throwing net
 i - 5 atropa-tipped darts
 y - 17 poisoned darts
Armour
 t - a +0 pair of gloves (melded)
 w - the +3 leather armour of the Forest {rPois Int+3 Dex-4}
   (You found it on level 5 of the Dungeon)

   Int:       It affects your intelligence (+3).
   Dex:       It affects your dexterity (-4).
   rPois:     It protects you from poison.
 B - a scarf of repulsion
 D - a +0 cloak (melded)
 J - +0 steam dragon scales (melded)
 L - a +2 helmet (melded)
Jewellery
 q - the ring "Meusujux" (left branch) {rN+ AC+4}
   (You found it on level 3 of the Dungeon)

   [ring of protection]

   AC:        It affects your AC (+4).
   rN:        It protects you from negative energy.
Wands
 u - a wand of roots (13)
 H - a wand of flame (31)
Scrolls
 e - 3 scrolls of teleportation
 f - 2 scrolls of enchant weapon {unknown}
 j - a scroll of noise {unknown}
 l - a scroll of butterflies {unknown}
 m - 3 scrolls of magic mapping
 n - 5 scrolls of amnesia
 o - 2 scrolls of blinking {unknown}
 p - 2 scrolls of immolation {unknown}
 A - a scroll of poison {unknown}
 G - 2 scrolls of enchant armour {unknown}
 I - a scroll of vulnerability {unknown}
 K - 2 scrolls of brand weapon {unknown}
Potions
 b - 3 potions of lignification
 c - 4 potions of attraction
 g - 4 potions of curing
 k - 3 potions of degeneration
 r - 2 potions of ambrosia {unknown}
 s - 2 potions of brilliance {unknown}
 v - a potion of magic {unknown}
 x - 2 potions of haste
 C - 3 potions of flight {unknown}
 E - a potion of mutation {unknown}
 F - a potion of resistance {unknown}


   Skills:
 + Level 5.7 Fighting
 + Level 5.0 Short Blades
 + Level 5.0 Long Blades
 + Level 5.0 Axes
 + Level 5.0 Maces & Flails
 + Level 5.0 Polearms
 + Level 5.0 Staves
 + Level 5.0 Ranged Weapons
 + Level 5.0 Throwing
 + Level 5.0 Armour
 + Level 6.8 Dodging
 + Level 5.0 Stealth
 + Level 5.0 Shields
 + Level 8.3 Unarmed Combat
 + Level 7.1 Spellcasting
 + Level 4.1 Conjurations
 + Level 4.1 Hexes
 + Level 4.1 Summonings
 + Level 4.1 Necromancy
 + Level 4.1 Translocations
 + Level 5.7 Transmutations
 + Level 4.1 Fire Magic
 + Level 4.1 Ice Magic
 + Level 4.1 Air Magic
 + Level 4.1 Earth Magic
 + Level 4.1 Poison Magic
 + Level 5.5 Invocations
 + Level 5.0 Evocations


You had 17 spell levels left.
You knew the following spells:

 Your Spells              Type           Power      Damage    Failure   Level
a - Beastly Appendage     Tmut           54%        N/A       1%          1
b - Wereblood             Tmut           27%        N/A       1%          2
c - Spider Form           Tmut/Pois      24%        N/A       4%          3

Your spell library contained the following spells:

 Spells                   Type           Power      Damage    Failure   Level
 Freeze                   Ice            84%        1d10      1%          1
 Slow                     Hex            84%        N/A       1%          1
 Ignite Poison            Fire/Tmut/Pois 23%        N/A       4%          3
 Confusing Touch          Hex            21%        N/A       6%          3
 Frozen Ramparts          Ice            42%        1d7       6%          3
 Hailstorm                Conj/Ice       21%        3d6       6%          3
 Vampiric Draining        Necr           21%        2d7       6%          3
 Ice Form                 Ice/Tmut       24%        N/A       14%         4
 Petrify                  Tmut/Erth      24%        N/A       14%         4
 Leda's Liquefaction      Hex/Erth       10%        N/A       19%         4
 Sticky Flame             Conj/Fire      21%        2d4       19%         4
 Summon Ice Beast         Ice/Summ       21%        N/A       19%         4
 Statue Form              Tmut/Erth      16%        N/A       91%         6
 Ignition                 Fire           10%        3d5       100%        8


Dungeon Overview and Level Annotations

Branches:
Dungeon (9/15)             Temple (1/1) D:6
   Lair: D:8-11         Orc: D:9-12

Altars:
Ashenzari
Cheibriados
Dithmenos
Elyvilon
Fedhas
Gozag
Hepliaklqana
Kikubaaqudgha
Makhleb
Nemelex Xobeh
Okawaru
Qazlal
Ru
Sif Muna
Trog
Uskayaw
Vehumet
Wu Jian
Xom
Yredelemnul
Zin
The Shining One

Annotations:
D:9 exclusion: death yak


Innate Abilities, Weirdness & Mutations

You are a tree.
Your roots penetrate the ground, keeping you stationary.
You cannot be teleported.
You are immune to unholy pain and torment.
Your maximum health is greatly increased.
Your equipment is partially melded.
((You have very sharp teeth.))
Your uncanny sense of smell can sniff out nearby items.
Your experience applies equally to all skills.


Message History

The wight is moderately damaged.
The wight barely misses you. Something hits you but does no damage.
You closely miss the wight.
The wight is moderately damaged.
An orc comes into view. It is wielding a +0 mace.
The wight hits you with a +2 dire flail.
* * * LOW HITPOINT WARNING * * *
Something hits you but does no damage.
You completely miss the wight.
The wight is moderately damaged.
You closely miss the wight.
The wight is moderately damaged.
Something hits you but does no damage.
The wight hits you with a +2 dire flail.
* * * LOW HITPOINT WARNING * * *
Casting: Spider Form (mildly dangerous; 4% risk of failure)
Confirm with . or Enter, or press ? or * to list all spells.
Okay, then.
Hit: d) +0 dagger
Press: ? - help, Dir - move target You closely miss something.
The wight hits you but does no damage. Something hits you but does no damage.
Hit: d) +0 dagger
Press: ? - help, Dir - move target The orc shouts!
You hit something. The wight hits you but does no damage.
You hear some strange, mumbled words.
A puff of flame appears from out of thin air!
The puff of flame hits you but does no damage.
Hit: d) +0 dagger
Press: ? - help, Dir - move target You completely miss something.
Hit: d) +0 dagger
Press: ? - help, Dir - move target, f - wight
Aim: a wight, wielding a +2 dire flail and wearing a +0 robe (moderately damaged, about 34% to evade your +0 dagger)
You barely miss the wight.
The wight is moderately damaged.
The wight hits you with a +2 dire flail!
You die...
Fedhas appreciates your contribution to the ecosystem.

#.#.#
#.#.#.#
#.#.#.#.# ∆
#....)#.#
#.#.#.#.#
#.#.#.#.# #
..#.#z#
...#{#.#
##..#♣#'#.#
##.#♣zo.♣
#. ♣♣.♣♣
###


You could see a wight and an orc.

Vanquished Creatures
  A kobold demonologist (D:8)
  A yak (D:9)
  A wyvern (D:8)
  A steam dragon (D:7)
  An orc warrior (D:9)
  4 sky beasts
  3 ogres
  A centaur (D:9)
  A phantom (D:5)
  2 kobold brigands
  2 bullfrogs (D:8)
  2 scorpions
  5 wights (D:8)
  2 necrophages (D:6)
  3 hounds
  2 jellies
  3 orc priests
  Crazy Yiuf (D:4)
  A gnoll bouda (D:6)
  5 iguanas
  8 orc wizards
  14 adders
  9 gnolls
  3 shadow imps
  2 white imps
  2 worms
  2 dart slugs
  34 orcs
  7 endoplasms
  A giant cockroach (D:3)
  4 goblins
  4 hobgoblins
  7 jackals
  4 quokkas
  7 ball pythons
  6 bats
  10 kobolds
  6 rats
172 creatures vanquished.

Notes
Turn   | Place    | Note
-------+----------+-------------------------------------------
     0 | D:1      | themarg the Gnoll Transmuter began the quest for the Orb.
     0 | D:1      | Reached XP level 1. HP: 17/17 MP: 6/6
   419 | D:1      | Reached XP level 2. HP: 22/23 MP: 5/7
   422 | D:1      | Learned a level 2 spell: Wereblood
   682 | D:1      | Found a faded altar of an unknown god.
  1600 | D:2      | Reached skill level 5 in Spellcasting
  1600 | D:2      | Reached XP level 3. HP: 28/28 MP: 6/9
  1628 | D:2      | Learned a level 3 spell: Spider Form
  1763 | D:2      | Reached skill level 1 in Invocations
  1824 | D:2      | Reached skill level 1 in Short Blades
  1824 | D:2      | Reached skill level 1 in Long Blades
  1824 | D:2      | Reached skill level 1 in Axes
  1824 | D:2      | Reached skill level 1 in Maces & Flails
  1824 | D:2      | Reached skill level 1 in Polearms
  1824 | D:2      | Reached skill level 1 in Staves
  1824 | D:2      | Reached skill level 1 in Ranged Weapons
  1824 | D:2      | Reached skill level 1 in Throwing
  1824 | D:2      | Reached skill level 1 in Armour
  1824 | D:2      | Reached skill level 1 in Stealth
  1824 | D:2      | Reached skill level 1 in Shields
  1824 | D:2      | Reached skill level 1 in Evocations
  2336 | D:3      | Reached XP level 4. HP: 24/34 MP: 8/11
  2425 | D:3      | Reached skill level 1 in Conjurations
  2425 | D:3      | Reached skill level 1 in Hexes
  2425 | D:3      | Reached skill level 1 in Summonings
  2425 | D:3      | Reached skill level 1 in Necromancy
  2425 | D:3      | Reached skill level 1 in Translocations
  2425 | D:3      | Reached skill level 1 in Fire Magic
  2425 | D:3      | Reached skill level 1 in Ice Magic
  2425 | D:3      | Reached skill level 1 in Air Magic
  2425 | D:3      | Reached skill level 1 in Earth Magic
  2425 | D:3      | Reached skill level 1 in Poison Magic
  2923 | D:3      | Identified the ring "Meusujux" {rN+ AC+4}
  3487 | D:4      | Noticed an ogre
  3498 | D:4      | Killed an ogre
  3499 | D:4      | Reached XP level 5. HP: 41/41 MP: 8/12
  3501 | D:4      | Reached XP level 6. HP: 46/47 MP: 8/13
  3551 | D:4      | You fall into a shaft and drop 1 floor!
  3551 | D:5      | Entered Level 5 of the Dungeon
  3575 | D:5      | Reached skill level 5 in Dodging
  3755 | D:5      | Identified the +3 leather armour of the Forest {rPois Int+3
                  | Dex-4}
  4002 | D:4      | Reached skill level 7 in Unarmed Combat
  4002 | D:4      | Reached XP level 7. HP: 9/52 MP: 11/15
  4298 | D:4      | Found a glowing silver altar of Zin.
  4609 | D:4      | Found a runed translucent door.
  4610 | D:4      | Noticed Crazy Yiuf
  4887 | D:4      | Killed Crazy Yiuf
  5189 | D:5      | Reached XP level 8. HP: 60/60 MP: 13/16
  5741 | D:5      | Found a white marble altar of Elyvilon.
  5995 | D:6      | Found a stormy altar of Qazlal.
  6371 | D:6      | Found a hazy altar of Hepliaklqana.
  6372 | D:6      | Found an ornate altar of the Wu Jian Council.
  6373 | D:6      | Found a bloodstained altar of Trog.
  6374 | D:6      | Found a sparkling altar of Nemelex Xobeh.
  6499 | D:6      | Found a staircase to the Ecumenical Temple.
  6539 | Temple   | Entered the Ecumenical Temple
  6734 | Temple   | Became a worshipper of Fedhas Madash
  7419 | D:7      | Reached skill level 5 in Transmutations
  7420 | D:7      | Got the Almanac of the Mutable Boulder
  7734 | D:7      | Reached XP level 9. HP: 51/66 MP: 15/18
  8315 | D:8      | Reached * piety under Fedhas
  8316 | D:8      | Reached skill level 5 in Fighting
  8537 | D:8      | Reached skill level 8 in Unarmed Combat
  8667 | D:8      | Reached skill level 5 in Invocations
  9194 | D:8      | Noticed a kobold demonologist
  9201 | D:8      | Noticed an orange demon
  9201 | D:8      | Killed a kobold demonologist
  9785 | D:9      | Noticed a death yak
  9842 | D:9      | Reached skill level 5 in Short Blades
  9842 | D:9      | Reached skill level 5 in Long Blades
  9842 | D:9      | Reached skill level 5 in Axes
  9842 | D:9      | Reached skill level 5 in Maces & Flails
  9842 | D:9      | Reached skill level 5 in Polearms
  9842 | D:9      | Reached skill level 5 in Staves
  9842 | D:9      | Reached skill level 5 in Ranged Weapons
  9842 | D:9      | Reached skill level 5 in Throwing
  9842 | D:9      | Reached skill level 5 in Armour
  9842 | D:9      | Reached skill level 5 in Stealth
  9842 | D:9      | Reached skill level 5 in Shields
  9842 | D:9      | Reached skill level 5 in Evocations
  9842 | D:9      | Reached XP level 10. HP: 8/76 MP: 20/20
  9854 | D:9      | HP: 5/114 [wight/+2 dire flail (5)]
  9858 | D:9      | Slain by a wight

Illustrated notes

Levels and vault maps discovered:
D:1:      nicolae_arrival_somewhat_less_tricky_arrival, layout_basic,
          dilly_ecumenical_altar_fadedgnrine
D:2:      layout_basic
D:3:      layout_basic
D:4:      layout_loops_ring, zin_treasury, uniq_crazy_yiuf_cottage
D:5:      layout_loops_corners, nicolae_elyvilon_temple_path
D:6:      layout_layer_cave, mainiacjoe_overflow_alcove_3,
          nicolae_qazlal_scattered_showers, minmay_temple_entry_statues,
          grunt_ministairs_12, minmay_misc_feat_rugged, feat_on_display
D:7:      layout_layer_cave
D:8:      layout_layer_cave, kennysheep_generic_room_9
D:9:      nzn_winding_woodlands_cross [nzn_winding_woodlands_5x15_default,
          nzn_winding_woodlands_5x15_longhouse,
          nzn_winding_woodlands_5x15_cabin, nzn_winding_woodlands_5x15_pockets,
          nzn_winding_woodlands_15x15_killbox], layout_loops_ring,
          dpeg_lair_monsters, kennysheep_orc_monster_closet_entryway
Temple:   regret_index_temple_waves

Skill      XL: |  1  2  3  4  5  6  7  8  9 |
---------------+----------------------------+-----
Spellcasting   | 5 6 7 |  7.1
Invocations    | 1 2 3 4 5 |  5.5
Short Blades   | 1 2 3 5 |  5.0
Long Blades    | 1 2 3 5 |  5.0
Axes           | 1 2 3 5 |  5.0
Maces & Flails | 1 2 3 5 |  5.0
Polearms       | 1 2 3 5 |  5.0
Staves         | 1 2 3 5 |  5.0
Ranged Weapons | 1 2 3 5 |  5.0
Throwing       | 1 2 3 5 |  5.0
Armour         | 1 2 3 5 |  5.0
Stealth        | 1 2 3 5 |  5.0
Shields        | 1 2 3 5 |  5.0
Evocations     | 1 2 3 5 |  5.0
Conjurations   | 1 2 3 4 |  4.1
Hexes          | 1 2 3 4 |  4.1
Summonings     | 1 2 3 4 |  4.1
Necromancy     | 1 2 3 4 |  4.1
Translocations | 1 2 3 4 |  4.1
Fire Magic     | 1 2 3 4 |  4.1
Ice Magic      | 1 2 3 4 |  4.1
Air Magic      | 1 2 3 4 |  4.1
Earth Magic    | 1 2 3 4 |  4.1
Poison Magic   | 1 2 3 4 |  4.1
Fighting       | 3 4 5 |  5.7
Transmutations | 4 5 |  5.7
Dodging        | 5 6 |  6.8
Unarmed Combat | 7 8 |  8.3

Action                   |  1- 3 |  4- 6 |  7- 9 | 10-12 || total
-------------------------+-------+-------+-------+-------++-------
Melee: Dagger            |    95 |    32 |     5 |    16 ||   148
       Unarmed           |    17 |    58 |   363 |       ||   438
       Kick              |    20 |     6 |     2 |       ||    28
       Headbutt          |    16 |     5 |     1 |       ||    22
       Bite              |     9 |     1 |       |       ||    10
 Cast: Beastly Appendage |    24 |    13 |     2 |       ||    39
       Wereblood         |     2 |       |     7 |       ||     9
       Spider Form       |     2 |    12 |    49 |       ||    63
  Use: Scroll            |       |       |     6 |       ||     6
       Potion            |       |       |     1 |     1 ||     2
 Stab: Sleeping          |     2 |     3 |     5 |       ||    10
       Distracted        |       |       |     1 |       ||     1
Armor: Robe              |    18 |    12 |     5 |       ||    35
       Skin              |       |     4 |    39 |    20 ||    63
Dodge: Dodged            |   117 |    54 |   282 |     1 ||   454

Table legend: (Time is in decaauts)
 A = Elapsed time spent in this place.
 B = Non-inter-level travel time spent in this place.
 C = Inter-level travel time spent in this place.
 D = Time resting spent in this place.
 E = Time spent auto-exploring this place.
 F = Levels seen in this place.
 G = Mean time per level.
                   A        B        C        D        E       F      G
               +--------+--------+--------+--------+--------+-----+--------+
         Total |   9785 |   9346 |    439 |   1135 |   6548 |  10 |  978.5 |
       Dungeon |   9563 |   9124 |    439 |   1135 |   6434 |   9 | 1062.6 |
        Temple |    222 |    222 |      0 |      0 |    114 |   1 |  222.0 |
               +--------+--------+--------+--------+--------+-----+--------+

Top non-repeatable levels by time:
     D:8: 1375 daAuts
     D:5: 1299 daAuts
     D:1: 1285 daAuts
     D:4: 1273 daAuts
     D:6: 1080 daAuts
     D:7: 1058 daAuts
     D:3: 1048 daAuts
     D:2: 962 daAuts
  Temple: 222 daAuts
     D:9: 178 daAuts
